 Dungeon Crawl Stone Soup version 0.28.0-45-g0d030f2227 (console) character file.

Game seed: 14250250021445199449

34062 erker the Geomancer (level 13, -1/79 HPs)
             Began as an Octopode Earth Elementalist on May 15, 2022.
             Was a High Priest of Cheibriados.
             Slain by a six-headed hydra (9 damage)
             ... on level 4 of the Lair of Beasts on May 19, 2022.
             The game lasted 02:33:52 (17086 turns).

erker the Geomancer (Octopode Earth Elementalist)  Turns: 17086, Time: 02:33:54

Health: -1/79      AC:  9    Str: 26    XL:     13   Next: 75%
Magic:  3/25       EV: 21    Int: 45    God:    Cheibriados [*****.]
Gold:   1207       SH:  7    Dex: 29    Spells: 7/28 levels left

rFire   . . .      SeeInvis +   a - +2 dagger (protect)
rCold   . . .      Faith    .   i - +0 buckler
rNeg    . . .      Spirit   .   (helmet restricted)
rPois   +          Reflect  .   j - amulet of magic regeneration
rElec   .          Harm     .   c - +4 ring of evasion
rCorr   .          Rampage  .   n - +4 ring of protection
Will    .....                   V - +6 ring of strength
Stlth   ++++++....              B - +6 ring of intelligence
HPRegen 0.23/turn               K - ring of willpower
MPRegen 0.59/turn               L - ring of poison resistance
                                G - ring of Namurax {Will- Int+6 Dex+4 SInv}
                                A - +4 ring of protection

@: very slow
A: almost no armour, amphibious, 8 rings, camouflage 1, gelatinous body 1,
(nimble swimmer 1), tentacles
a: Renounce Religion, Bend Time, Temporal Distortion, Slouch, Step From Time


You were on level 4 of the Lair of Beasts.
You worshipped Cheibriados.
Cheibriados was extremely pleased with you.
You visited 3 branches of the dungeon, and saw 16 of its levels.

You collected 1207 gold pieces.

Inventory:

Hand Weapons
 a - a +2 dagger of protection (weapon)
 b - a +1 war axe of freezing
 N - the +5 trident "Yrextist" {holy, Str+4 Int+2}
   (You found it on level 3 of the Lair of Beasts)

   It has been blessed by the Shining One to cause great damage to the undead
   and demons.
   Str:       It affects your strength (+4).
   Int:       It affects your intelligence (+2).
 O - a +3 vorpal hunting sling
 Q - a +1 falchion of flaming
 R - a +2 trident of venom
Missiles
 d - 5 silver boomerangs
 m - 142 sling bullets
 o - 659 stones
 y - 8 javelins
 C - 13 poisoned darts (quivered)
Armour
 i - a +0 buckler (worn)
Magical Staves
 F - a staff of fire
 T - a staff of conjuration
Jewellery
 c - a +4 ring of evasion (left tentacle)
 e - an amulet of faith
 j - an amulet of magic regeneration (around mantle)
 n - a +4 ring of protection (right tentacle)
 q - a +4 ring of evasion
 s - a ring of positive energy
 w - a +6 ring of strength
 A - a +4 ring of protection (on tentacle)
 B - a +6 ring of intelligence (on tentacle)
 G - the ring of Namurax (on tentacle) {Will- Int+6 Dex+4 SInv}
   (You found it on level 2 of the Lair of Beasts)

   [ring of intelligence]

   Int:       It affects your intelligence (+6).
   Dex:       It affects your dexterity (+4).
   SInv:      It lets you see invisible.
   Will:      It decreases your willpower.
 K - a ring of willpower (on tentacle)
 L - a ring of poison resistance (on tentacle)
 M - a +6 ring of intelligence
 V - a +6 ring of strength (on tentacle)
 W - a ring of positive energy
 Z - a ring of ice
Wands
 E - a wand of flame (10)
 J - a wand of charming (13)
 X - a wand of mindburst (16)
Scrolls
 g - 4 scrolls of vulnerability {unknown}
 k - 3 scrolls of fear {unknown}
 p - a scroll of blinking {unknown}
 r - 2 scrolls of teleportation
 u - a scroll of brand weapon {unknown}
 v - 3 scrolls of fog {unknown}
 x - 3 scrolls of torment {unknown}
 I - a scroll of acquirement {unknown}
Potions
 f - 3 potions of resistance
 h - a potion of degeneration {unknown}
 l - a potion of berserk rage {unknown}
 t - a potion of heal wounds
 z - a potion of lignification
 H - 9 potions of curing
 Y - a potion of haste
Miscellaneous
 D - a lightning rod (4/4)
 U - a box of beasts


   Skills:
 - Level 4.0 Fighting
 - Level 6.0 Short Blades
 - Level 3.0 Axes
 - Level 5.0 Dodging
 - Level 8.0 Stealth
 - Level 5.0 Shields
 - Level 8.0 Spellcasting
 + Level 3.3 Conjurations
 - Level 3.0 Hexes
 - Level 12.0 Transmutations
 + Level 4.2 Fire Magic
 - Level 12.0 Earth Magic
 - Level 5.0 Invocations


You had 7 spell levels left.
You knew the following spells:

 Your Spells              Type           Power      Damage    Failure   Level
a - Sandblast             Erth           100%       2d20      0%          1
b - Conjure Flame         Conj/Fire      51%        6-21      1%          3
c - Confusing Touch       Hex            45%        N/A       1%          3
f - Fireball              Conj/Fire      25%        3d11      12%         5
g - Stone Arrow           Conj/Erth      100%       3d13      1%          3
p - Petrify               Tmut/Erth      90%        N/A       1%          4
w - Passwall              Tmut/Erth      75%        N/A       1%          2

Your spell library contained the following spells:

 Spells                   Type           Power      Damage    Failure   Level
 Freeze                   Ice            72%        1d9       1%          1
 Pain                     Necr           72%        1d7       1%          1
 Ensorcelled Hibernation  Hex/Ice        62%        N/A       1%          2
 Static Discharge         Conj/Air       32%        N/A       1%          2
 Ignite Poison            Fire/Tmut/Pois 61%        N/A       1%          3
 Tukima's Dance           Hex            45%        N/A       1%          3
 Ice Form                 Ice/Tmut       64%        N/A       1%          4
 Yara's Violent Unravell  Hex/Tmut       35%        3d14      2%          5
 Mephitic Cloud           Conj/Pois/Air  27%        N/A       3%          3
 Sticky Flame             Conj/Fire      51%        2d7       4%          4
 Frozen Ramparts          Ice            36%        1d5       6%          3
 Swiftness                Air            18%        N/A       6%          3
 Hailstorm                Conj/Ice       32%        3d8       10%         4
 Dispel Undead            Necr           18%        3d11      19%         4
 Passage of Golubria      Tloc           18%        N/A       19%         4
 Summon Ice Beast         Ice/Summ       18%        N/A       19%         4
 Agony                    Necr           18%        N/A       47%         5
 Excruciating Wounds      Necr           9%         N/A       47%         5
 Starburst                Conj/Fire      25%        6d8       54%         6
 Enfeeble                 Hex            22%        N/A       99%         7
 Spellforged Servitor     Conj/Summ      16%        N/A       100%        7
 Ignition                 Fire           27%        3d9       100%        8


Dungeon Overview and Level Annotations

Branches:
Dungeon (11/15)            Temple (1/1) D:5            Lair (4/6) D:11
  Swamp (0/4) Lair:2        Snake (0/4) Lair:2          Orc (0/2) D:11

Altars:
Ashenzari
Cheibriados
Dithmenos
Elyvilon
Fedhas
Gozag
Hepliaklqana
Kikubaaqudgha
Makhleb
Nemelex Xobeh
Okawaru
Qazlal
Ru
Sif Muna
Trog
Uskayaw
Vehumet
Wu Jian
Xom
Yredelemnul
Zin
The Shining One
Beogh

Shops:
D:9 =

Portals:
Trove: D:10 (give +8 demon blade)

Annotations:
D:6 Cyclops


Innate Abilities, Weirdness & Mutations

You cannot wear most types of armour.
You are amphibious.
You can wear up to eight rings at the same time.
Your skin changes colour to match your surroundings (Stealth+).
Your rubbery body absorbs attacks. (AC +1, EV +1)
((You are camouflaged when in or above water. (Stealth+)))
You have tentacles for arms and can constrict up to eight enemies at once.


Message History

Cheibriados appreciates the change of pace.
You kill the blink frog!
Cheibriados appreciates the change of pace.
You kill the water moccasin!
Cheibriados thoroughly appreciates the change of pace.
Cheibriados lowers the support of your attributes as your movement quickens.
The blink frog misses you.
The six-headed hydra is no longer petrified.
The blink frog blinks!
You see here a water moccasin corpse.
Casting: Petrify (safe; 1% risk of failure)
Confirm with . or Enter, or press ? or * to list all spells.
Aiming: Petrify (safe; 1% risk of failure)
Press: ? - help, Shift-Dir - straight line, f - six-headed hydra
Aim: a six-headed hydra (chance to affect: 53%)
The six-headed hydra resists with significant effort.
The blink frog blinks!
You block the blink frog's attack.
The blink frog barely misses itself.
The blink frog blinks! x2
Casting: Petrify (safe; 1% risk of failure)
Confirm with . or Enter, or press ? or * to list all spells.
Aiming: Passwall (safe; 1% risk of failure)
Press: ? - help, Dir - move target, p - six-headed hydra A rock wall.
You begin to meditate on the wall.
You continue meditating on the rock.
The six-headed hydra completely misses you.
The six-headed hydra bites you! The six-headed hydra barely misses you.
The six-headed hydra bites you.
The six-headed hydra bites you but does no damage. x2
You continue meditating on the rock.
The sentinel's mark upon you fades away.
The blink frog seems less confused.
The blink frog blinks!
The six-headed hydra bites you!
The six-headed hydra closely misses you.
You block the six-headed hydra's attack.
The six-headed hydra bites you!
* * * LOW HITPOINT WARNING * * *
The six-headed hydra bites you.
* * * LOW HITPOINT WARNING * * *
The six-headed hydra bites you!
You die...

..........#P.÷.'....÷≈≈≈≈#
...#.#.#..#♣P.÷#♣♣♣≈≈≈≈≈8#
.#..###...######♣ ########
..# #....[...P.♣ ..
#...........# .....
##....§...... .....
#.F...†..#.. ......
#..#.#...# . ...§..
#..@###..# .F...##.D## ###
......#†## #....# ##..##
#..# #..P# ...## ##.##


You could see a six-headed hydra and a blink frog.

Vanquished Creatures
  A boulder beetle (D:11)
  4 hydras
  2 lindwurms (Lair:4)
  3 cyclopes
  7 elephants (Lair:2)
  2 black mambas
  Joseph (D:8)
  A torpor snail (Lair:2)
  An unseen horror (D:11)
  9 cane toads
  4 komodo dragons
  2 rime drakes (Lair:3)
  2 trolls
  A polar bear (Lair:1)
  3 tyrant leeches (Lair:2)
  9 dream sheep (Lair:2)
  4 hornets (Lair:4)
  A meliai zombie (D:8)
  6 blink frogs
  3 wyverns
  Sigmund (D:2)
  41 yaks
  2 basilisks
  4 vampire mosquitoes (D:11)
  Grum (D:8)
  A swamp worm (Lair:2)
  2 acid dragons (D:11)
  18 water moccasins
  4 black bears
  5 orc warriors
  An ogre (D:5)
  3 centaurs
  11 wolves
  A kobold brigand (D:10)
  A gnoll sergeant (D:11)
  13 bullfrogs
  2 scorpions
  A wyvern skeleton (D:7)
  27 killer bees
  5 wights
  4 howler monkeys
  2 centaur zombies (D:10)
  3 jellies (D:7)
  3 bullfrog skeletons
  10 orc priests
  A centaur skeleton (D:4)
  7 orc wizards
  Terence (D:2)
  An iguana (D:5)
  11 hell rats
  A killer bee zombie (D:7)
  A hound zombie (D:5)
  Robin (D:2)
  8 adders
  8 gnolls
  A howler monkey skeleton (D:5)
  A shadow imp (D:7)
  2 white imps (D:6)
  An ufetubus (D:6)
  2 adder skeletons (D:4)
  3 worms
  A dart slug (D:2)
  74 orcs
  8 endoplasms
  2 giant cockroaches
  9 goblins
  13 hobgoblins
  11 jackals
  5 quokkas
  6 ball pythons
  7 bats
  3 frilled lizards
  14 kobolds
  5 rats
440 creatures vanquished.

Vanquished Creatures (others)
  An orc (D:11)
  76 fungi
  134 plants
211 creatures vanquished.

Grand Total: 651 creatures vanquished

Notes
Turn   | Place    | Note
-------+----------+-------------------------------------------
     0 | D:1      | erker the Octopode Earth Elementalist began the quest for
                  | the Orb.
     0 | D:1      | Reached XP level 1. HP: 11/11 MP: 3/3
   173 | D:1      | Reached XP level 2. HP: 6/17 MP: 1/5
   456 | D:1      | Learned a level 2 spell: Passwall
   940 | D:1      | Reached XP level 3. HP: 22/22 MP: 6/6
  1459 | D:2      | Reached skill level 1 in Short Blades
  1486 | D:2      | Reached XP level 4. HP: 23/27 MP: 7/7
  1623 | D:2      | Noticed Sigmund
  1659 | D:2      | Noticed Terence
  1818 | D:2      | Killed Terence
  2023 | D:2      | Killed Sigmund
  2024 | D:2      | Reached XP level 5. HP: 32/32 MP: 5/8
  2024 | D:2      | Reached XP level 6. HP: 37/37 MP: 5/9
  2069 | D:2      | Learned a level 4 spell: Petrify
  2152 | D:2      | Noticed Robin
  2159 | D:2      | Killed Robin
  2549 | D:3      | Found a sacrificial altar of Ru.
  2829 | D:3      | Reached skill level 5 in Earth Magic
  3384 | D:4      | Reached XP level 7. HP: 37/42 MP: 11/11
  3672 | D:4      | Identified the +7 rapier "Newtslayer" {chaos, rElec rPois
                  | rCorr}
  3862 | D:4      | You fall into a shaft and drop 2 floors!
  3949 | D:6      | Noticed a cyclops
  3954 | D:5      | Entered Level 5 of the Dungeon
  4245 | D:5      | Reached skill level 5 in Transmutations
  4274 | D:5      | Found a staircase to the Ecumenical Temple.
  4283 | Temple   | Entered the Ecumenical Temple
  4477 | Temple   | Became a worshipper of Cheibriados the Contemplative
  4538 | D:5      | Reached skill level 5 in Stealth
  4538 | D:5      | Reached skill level 1 in Shields
  4538 | D:5      | Reached XP level 8. HP: 20/47 MP: 11/14
  5613 | D:5      | Learned a level 3 spell: Stone Arrow
  5906 | D:6      | Killed a cyclops
  6214 | D:6      | Noticed a yak
  6255 | D:6      | Noticed a yak
  6255 | D:6      | Noticed a yak
  6255 | D:6      | Noticed a yak
  6255 | D:6      | Noticed a yak
  6255 | D:6      | Noticed a yak
  6416 | D:6      | Killed a yak
  6416 | D:6      | Reached * piety under Cheibriados
  6417 | D:6      | Reached XP level 9. HP: 52/52 MP: 9/15
  7055 | D:7      | Reached ** piety under Cheibriados
  7233 | D:7      | Found a runed translucent door.
  7238 | D:7      | Found a basalt altar of Yredelemnul.
  7376 | D:8      | Noticed Grum
  7387 | D:8      | Killed Grum
  7388 | D:8      | Reached XP level 10. HP: 56/57 MP: 9/16
  7573 | D:8      | Learned a level 3 spell: Confusing Touch
  7621 | D:8      | Noticed Joseph
  7633 | D:8      | Killed Joseph
  7634 | D:8      | Reached skill level 5 in Short Blades
  7661 | D:8      | Reached skill level 1 in Hexes
  7866 | D:9      | Found Birrek's Jewellery Boutique.
  7949 | D:9      | Reached skill level 5 in Spellcasting
  8264 | D:9      | Reached *** piety under Cheibriados
  8863 | D:10     | Entered Level 10 of the Dungeon
  8929 | D:10     | Found a shadowy altar of Dithmenos.
  9038 | D:10     | Learned a level 3 spell: Conjure Flame
  9409 | D:10     | Found a glowing silver altar of Zin.
  9409 | D:10     | Found a bloodstained altar of Trog.
  9410 | D:10     | Found a shimmering altar of Xom.
  9416 | D:10     | Got the Tome of Earth and Conjuration
  9422 | D:10     | Found a blossoming altar of Fedhas.
  9635 | D:10     | Reached **** piety under Cheibriados
  9636 | D:10     | Reached skill level 1 in Fire Magic
  9859 | D:10     | Reached XP level 11. HP: 60/62 MP: 15/20
  9879 | D:10     | Reached skill level 1 in Invocations
 10089 | D:10     | Found a portal to a secret trove of treasure.
 10217 | D:11     | Found a staircase to the Orcish Mines.
 10294 | D:11     | Reached ***** piety under Cheibriados
 10479 | D:11     | Noticed a boulder beetle
 10526 | D:11     | Noticed a cyclops
 10543 | D:11     | Killed a cyclops
 10564 | D:11     | Noticed a cyclops
 10716 | D:11     | Killed a cyclops
 11040 | D:11     | Killed a boulder beetle
 11329 | D:11     | Found a staircase to the Lair.
 11418 | D:11     | Reached skill level 10 in Transmutations
 11642 | Lair:1   | Entered Level 1 of the Lair of Beasts
 11774 | Lair:1   | Reached XP level 12. HP: 67/67 MP: 21/21
 11784 | Lair:1   | Reached skill level 10 in Earth Magic
 11985 | Lair:1   | Reached skill level 5 in Invocations
 11985 | Lair:1   | Reached skill level 1 in Fighting
 12214 | Lair:1   | Reached skill level 1 in Axes
 12796 | Lair:1   | Noticed a seven-headed hydra
 12805 | Lair:1   | Killed a seven-headed hydra
 13097 | Lair:2   | Found a staircase to the Snake Pit.
 13412 | Lair:2   | Noticed a seven-headed hydra
 14220 | Lair:2   | Killed a seven-headed hydra
 14298 | Lair:2   | Reached skill level 5 in Dodging
 14403 | Lair:2   | Reached skill level 5 in Shields
 14649 | Lair:2   | Reached XP level 13. HP: 69/79 MP: 18/25
 14987 | Lair:2   | Found a staircase to the Swamp.
 15399 | Lair:2   | Identified the ring of Namurax {Will- Int+6 Dex+4 SInv}
 16029 | Lair:3   | Learned a level 5 spell: Fireball
 16506 | Lair:3   | Identified the +5 trident "Yrextist" {holy, Str+4 Int+2}
 17086 | Lair:4   | Slain by a six-headed hydra

Illustrated notes

Levels and vault maps discovered:
D:1:      minmay_arrival_hallway, layout_rooms, nrook_mini_vaults,
          minmay_small_reverse_x
D:2:      minmay_inner_zag, layout_basic, serial_bayou_lagoon_b, uniq_sigmund,
          uniq_terence, uniq_robin
D:3:      layout_loops_cross, minmay_curled_crystal, kennysheep_flooded_box,
          minmay_fractal_squares_diagonal_5
D:4:      layout_cave_pools, st_stairs_13, grunt_ministairs_3, abandoned_shop,
          kennysheep_boxes
D:5:      layout_basic, minmay_temple_entry_overgrown
D:6:      layout_gridville, serial_bayou_pond_b
D:7:      layout_rooms, dk_yredelemnul_ordeal, st_stairs_9
D:8:      layout_basic, uniq_grum, uniq_joseph
D:9:      layout_rooms, special_room [special_room_orc], serial_shops, shop,
          dk_vineyard_3, minivault_10
D:10:     layout_roguey, fedhas_altar_3, grunt_temple_overflow_open,
          enter_trove_6, serial_bayou_crossing
D:11:     layout_rooms, due_lair_maze_entry_diamond, hiddenorc2_lemuel
Temple:   eino_temple_rhombus
Lair:1:   layout_cave_pods
Lair:2:   layout_cave_pods, minmay_swamp_entry_worms, dummy_snake_entry,
          infiniplex_staircase_pool
Lair:3:   layout_cave_pods, lemuel_fruit_tree
Lair:4:   cheibrodos_lair_overgrown_chateau, layout_cave_pods,
          serial_bayou_ford_a

Skill      XL: |  1  2  3  4  5  6  7  8  9 10 11 12 13 |
---------------+----------------------------------------+-----
Stealth        | 3 4 5 6 8 |  8.0
Short Blades   | 1 3 4 6 |  6.0
Transmutations | 2 3 5 6 7 8 10 12 | 12.0
Earth Magic    | 4 5 6 8 9 10 12 | 12.0
Spellcasting   | 4 6 8 |  8.0
Shields        | 1 4 5 |  5.0
Conjurations   | 3 |  3.3
Hexes          | 3 |  3.0
Fire Magic     | 2 4 |  4.2
Invocations    | 4 5 |  5.0
Fighting       | 4 |  4.0
Axes           | 3 |  3.0
Dodging        | 5 |  5.0

Action                   |  1- 3 |  4- 6 |  7- 9 | 10-12 | 13-15 || total
-------------------------+-------+-------+-------+-------+-------++-------
Melee: Unarmed           |    36 |       |       |       |       ||    36
       Constrict         |    17 |    36 |    34 |   101 |    19 ||   207
       Tentacles         |    10 |    31 |    45 |   169 |    39 ||   294
       Dagger            |    51 |   139 |   136 |   678 |   134 ||  1138
       Punch             |     1 |     1 |     2 |    13 |     4 ||    21
       Spear             |       |    66 |       |       |       ||    66
       Rapier            |       |       |    29 |       |       ||    29
       War axe           |       |       |       |    10 |       ||    10
Throw: Boomerang         |       |       |     1 |     3 |       ||     4
       Dart              |       |       |       |     1 |     2 ||     3
 Cast: Sandblast         |    11 |    20 |    15 |    18 |     9 ||    73
       Passwall          |       |     5 |     8 |    19 |     9 ||    41
       Stone Arrow       |       |       |    21 |    37 |     7 ||    65
       Petrify           |       |       |    11 |    85 |    36 ||   132
       Conjure Flame     |       |       |       |     6 |       ||     6
       Confusing Touch   |       |       |       |     1 |     4 ||     5
       Fireball          |       |       |       |       |     1 ||     1
Invok: Slouch            |       |       |       |     2 |     3 ||     5
Evoke: Wand              |       |       |     3 |       |       ||     3
  Use: Scroll            |       |       |       |     8 |       ||     8
       Potion            |       |       |       |     5 |       ||     5
 Stab: Sleeping          |     6 |     5 |    17 |    16 |    13 ||    57
       Petrified         |       |       |     9 |    58 |    22 ||    89
       Petrifying        |       |       |    11 |    28 |    16 ||    55
       Confused          |       |       |       |       |     1 ||     1
Armor: Skin              |    18 |    37 |    30 |   260 |    30 ||   375
Dodge: Dodged            |    89 |   101 |   110 |   448 |   116 ||   864
Block: Buckler           |       |       |     4 |   177 |    46 ||   227
